 Dungeon Crawl Stone Soup version 0.18-a0-1702-gd20c6a5 (webtiles) character file.

1332 George the Shield-Bearer (level 8, 0/64 HPs)
             Began as a Formicid Fighter on Apr 7, 2016.
             Was a Believer of Okawaru.
             Succumbed to an orc wizard's poison
             ... on level 7 of the Dungeon.
             The game lasted 00:08:44 (5512 turns).

George the Shield-Bearer (Formicid Fighter)         Turns: 5512, Time: 00:08:45

Health: 0/64       AC: 10    Str: 28    XL:     8   Next: 92%
Magic:  1/11       EV:  8    Int:  7    God:    Okawaru [**....]
Gold:   310        SH: 14    Dex: 10    Spells: 0 memorised, 7 levels left

rFire  . . .     SeeInvis +     a - +1 long sword
rCold  . . .     Gourm    .     x - +0 chain mail
rNeg   . . .     Faith    .     t - +3 shield
rPois  +         Spirit   +     (helmet unavailable)
rElec  .         Dismiss  .     (no cloak)
rCorr  .         Reflect  .     (no gloves)
SustAt .         Harm     .     (no boots)
MR     .....                    q - amulet of guardian spirit
Stlth  ..........               F - ring of poison resistance
                                v - +4 ring of strength

@: lethally poisoned (0 -> -5), not resistant to hostile enchantments, extremely
unstealthy
A: permanent stasis, dig shafts and tunnels, four strong arms, antennae 3
a: Dig, Shaft Self, Heroism, Renounce Religion


You were on level 7 of the Dungeon.
You worshipped Okawaru.
Okawaru was pleased with you.
You were not hungry.

You visited 2 branches of the dungeon, and saw 8 of its levels.

You collected 310 gold pieces.

Inventory:

Hand Weapons
 a - a +1 long sword (weapon)
 h - a cursed -1 short sword
Missiles
 L - 2 javelins of returning (quivered)
Armour
 t - a +3 shield (worn)
 x - a +0 chain mail (worn)
Jewellery
 q - an amulet of guardian spirit (around neck)
 v - a +4 ring of strength (left hand)
 F - a ring of poison resistance (right hand)
 K - an uncursed ring of fire
Wands
 y - a wand of confusion (48/48)
 C - a wand of slowing (25/48)
 D - a wand of flame (34/48)
Scrolls
 n - 3 scrolls of remove curse
 I - a scroll of enchant weapon
 J - 2 scrolls of identify
Potions
 d - 2 potions of might
 g - a potion of cancellation
 j - a potion of invisibility
 w - 3 potions of flight {unknown}
 B - 5 potions of curing {unknown}
Comestibles
 f - 5 bread rations
 r - 3 meat rations
 u - 3 fruits
 H - a beef jerky


   Skills:
 + Level 6.1 Fighting
 + Level 5.0 Long Blades
 + Level 6.0 Armour
 + Level 6.8 Shields
 + Level 4.3 Invocations


You had 7 spell levels left.
You didn't know any spells.

Dungeon Overview and Level Annotations

Branches:
Dungeon (7/15)             Temple (1/1) D:4

Altars:
Cheibriados
Dithmenos
Elyvilon
Fedhas
Gozag
Kikubaaqudgha
Makhleb
Nemelex Xobeh
Okawaru
Pakellas
Qazlal
Sif Muna
Trog
Zin

Annotations:
D:6 exclusion: oklob plant


Innate Abilities, Weirdness & Mutations

You are under a permanent stasis effect.
You can dig through walls and to a lower floor.
Your four strong arms can wield two-handed weapons with a shield.
You have a pair of large antennae on your head (SInv).


Message History

Your base Long Blades skill increases to level 5!
You hit the orc wizard.
The orc wizard is moderately wounded.
The orc wizard misses you.
You barely miss the orc wizard.
The orc wizard is moderately wounded.
The orc wizard hits you but does no damage.
You are lethally poisoned!
You block the orc wizard's attack.
You barely miss the orc wizard.
The orc wizard is moderately wounded.
* * * LOW HITPOINT WARNING * * *
You feel sick. You block the orc wizard's attack.
You slash the orc wizard!
You kill the orc wizard!
Okawaru accepts your kill.
You feel like a meek peon again.
* * * LOW HITPOINT WARNING * * *
You feel sick.
You die...

#.. .. .# #.....### #..#.##.#.#
#.....#.. #..#....#.# #.....#.? ..
#..#......### #.....#..
..##........... #........
..##.#.......## #......##
..##........... #.......#
..####.....##############....#..#
...............)@................
....####.#.###################..#
....#....#.#......#.......>..#...
....#.............#..............
....######.#.............##......
.#.........#...........รท.........
.##.########.............##.....)
.................................
##...........##############......


There were no monsters in sight!

Vanquished Creatures
  2 orc warriors
  An ogre (D:4)
  2 centaurs
  3 giant frogs
  A crimson imp (D:5)
  A centaur zombie (D:5)
  A giant frog zombie (D:7)
  5 hounds
  2 orc wizards
  A jelly (D:7)
  An orc priest (D:7)
  An iguana (D:7)
  2 worker ants
  A hound zombie (D:5)
  A hound skeleton (D:5)
  A worker ant zombie (D:6)
  Robin (D:2)
  A gnoll (D:3)
  7 adders
  A shadow imp (D:5)
  4 oozes (D:2)
  3 worms
  4 giant geckos
  12 orcs
  7 giant cockroaches
  17 goblins
  10 hobgoblins
  8 jackals
  6 quokkas
  11 bats
  7 giant newts
  5 kobolds
  6 rats
136 creatures vanquished.

Notes
Turn   | Place    | Note
--------------------------------------------------------------
     0 | D:1      | George the Formicid Fighter began the quest for the Orb.
     0 | D:1      | Reached XP level 1. HP: 18/18 MP: 1/1
   129 | D:1      | Reached XP level 2. HP: 24/24 MP: 2/2
   445 | D:2      | Reached XP level 3. HP: 25/29 MP: 3/3
   755 | D:2      | Reached XP level 4. HP: 37/37 MP: 4/4
   766 | D:2      | Noticed Robin
   802 | D:2      | Killed Robin
  1215 | D:2      | Reached XP level 5. HP: 20/42 MP: 5/5
  1523 | D:3      | Found a bloodstained altar of Trog.
  1703 | D:3      | Found an opulent altar of Gozag.
  1758 | D:3      | Found a stormy altar of Qazlal.
  1933 | D:4      | Reached skill level 5 in Shields
  2044 | D:4      | Found a deep blue altar of Sif Muna.
  2157 | D:4      | Found a staircase to the Ecumenical Temple.
  2164 | Temple   | Entered the Ecumenical Temple
  2184 | Temple   | Became a worshipper of Warmaster Okawaru
  2338 | D:4      | Found a burning altar of Makhleb.
  2342 | D:4      | Reached XP level 6. HP: 48/49 MP: 4/6
  2645 | D:4      | Noticed an ogre
  2654 | D:4      | Killed an ogre
  2654 | D:4      | Reached skill level 1 in Invocations
  2946 | D:5      | Entered Level 5 of the Dungeon
  2976 | D:5      | Reached XP level 7. HP: 49/55 MP: 8/8
  3159 | D:5      | Reached skill level 5 in Fighting
  3269 | D:5      | Reached * piety under Okawaru
  3272 | D:5      | Reached skill level 5 in Armour
  3958 | D:6      | Reached XP level 8. HP: 60/62 MP: 8/10
  4626 | D:6      | Found an iron altar of Okawaru.
  4627 | D:6      | Noticed an oklob plant
  4655 | D:6      | Found an oddly glowing altar of Pakellas.
  4656 | D:6      | Found a snail-covered altar of Cheibriados.
  5083 | D:7      | Reached ** piety under Okawaru
  5505 | D:7      | HP: 2/64 [orc priest/nerve-wracking pain (4)]
  5507 | D:7      | Reached skill level 5 in Long Blades
  5510 | D:7      | HP: 2/64 [poisoned by an orc wizard]
  5512 | D:7      | Succumbed to an orc wizard's poison

Vault maps used:
D:1:      saegor_arrival_simple_c
D:2:      uniq_robin
D:3:      grunt_gozag_breadcrumbs, lemuel_round_altar, lightli_temple_of_fire
D:4:      old_standard_altar, minmay_temple_entry_junction2, first_bread,
          lemuel_tele_altar
D:6:      gammafunk_temple_overflow_statue, lemuel_oklob_altar
Temple:   circular_temple_pool_8

Skill      XL: |  1  2  3  4  5  6  7  8 |
---------------+-------------------------+-----
Shields        | 4 5 6 |  6.8
Armour         | 4 5 6 |  6.0
Fighting       | 4 5 6 |  6.1
Long Blades    | 3 4 5 |  5.0
Invocations    | 1 3 4 |  4.3

Action                   |  1- 3 |  4- 6 |  7- 9 || total
-------------------------+-------+-------+-------++-------
Melee: Long sword        |    91 |   257 |   183 ||   531
Invok: Heroism           |       |       |     1 ||     1
  Use: Scroll            |       |       |    11 ||    11
  Eat: Chunk             |    10 |     3 |     5 ||    18
